 Dungeon Crawl Stone Soup version 0.22-a0-322-g60b3cfd (webtiles) character file.

65 CanOfBees the Ruffian (level 4, -1/40 HPs)
             Began as a Ghoul Monk on Apr 5, 2018.
             Slain by Sigmund
             ... wielding a +0 scythe
              (12 damage)
             ... on level 2 of the Dungeon.
             The game lasted 00:02:35 (1046 turns).

CanOfBees the Ruffian (Ghoul Monk)                  Turns: 1046, Time: 00:02:36

Health: -1/40      AC:  3    Str: 15    XL:     4   Next: 13%
Magic:  3/3        EV: 13    Int: 10    God:
Gold:   42         SH:  0    Dex: 16    Spells: 3/3 levels left

rFire    . . .     SeeInvis .     - Unarmed
rCold    + . .     Gourm    .   (no shield)
rNeg     + + +     Faith    .   k - +0 leather armour
rPois    ∞         Spirit   .   (no helmet)
rElec    .         Reflect  .   (no cloak)
rCorr    .         Harm     .   (no gloves)
MR       .....                  (no boots)
Stlth    ++........             (no amulet)
HPRegen  0.00/turn              j - +5 ring of dexterity
MPRegen  0.08/turn              (no ring)

@: brilliant, rotting
A: rotting body, claws 1, carnivore, cold resistance 1, negative energy
resistance 3, inhibited regeneration, torment resistance, unbreathing
a: no special abilities


You were on level 2 of the Dungeon.
You were not hungry.

You visited 1 branch of the dungeon, and saw 2 of its levels.

You collected 42 gold pieces.

Inventory:

Hand Weapons
 f - a +0 hunting sling
Armour
 k - a +0 leather armour (worn)
Jewellery
 j - a +5 ring of dexterity (left claw)
Scrolls
 d - a scroll of identify {unknown}
 g - 2 scrolls of enchant armour {unknown}
 i - a scroll of remove curse {unknown}
 l - a scroll of noise {unknown}
Potions
 e - 2 potions of brilliance
Comestibles
 a - 2 chunks of flesh
 b - 2 rations


   Skills:
 + Level 4.0 Fighting
 + Level 0.4 Armour
 * Level 3.3 Dodging
 - Level 2.1 Stealth
 + Level 4.0 Unarmed Combat


You had 3 spell levels left.
You didn't know any spells.

Dungeon Overview and Level Annotations

Branches:
Dungeon (2/15)

Altars:

Annotations:
D:2 Sigmund


Innate Abilities, Weirdness & Mutations

Your body is rotting away.
You thrive on raw meat.
You are immune to poison.
You have sharp fingernails.
You are carnivorous and can eat meat at any time.
Your flesh is cold resistant. (rC+)
You are immune to negative energy. (rN+++)
You do not regenerate when monsters are visible.
You are immune to unholy pain and torment.
You can survive without breathing.


Message History

Sigmund gestures wildly while chanting.
Sigmund flickers and vanishes!
There is a stone staircase leading up here.
You hear some strange, mumbled words.
A puff of flame appears from out of thin air!
The puff of flame hits you!
You hear some strange, mumbled words.
A puff of flame appears from out of thin air!
The puff of flame hits you! Something hits you.
You claw something! You barely miss something.
You hear some strange, mumbled words.
A magic dart appears from out of thin air!
The magic dart hits you!
You scratch something. You scratch something but do no damage.
Something hits you.
* * * LOW HITPOINT WARNING * * *
You miss something. Something hits you!
You die...

##.# #.#.## ##...##
##.# #.### ##'## ...#
#.# #(# #### #.# #.#
#.### #### ##.## #.#..
..# ##...## #.#.# #.#
#.....#####
#.#.####.####.........
#.#.##...@)....#######
#.....<#{#######
###.####.# #.####.#
#......# ########


There were no monsters in sight!

Vanquished Creatures
  A worker ant (D:1)
  2 worms (D:2)
  A leopard gecko (D:1)
  3 giant cockroaches
  6 jackals (D:2)
  7 kobolds
  A quokka (D:2)
  3 bats
  A frilled lizard (D:1)
  2 goblins (D:1)
  8 rats
35 creatures vanquished.

Notes
Turn   | Place    | Note
-------+----------+-------------------------------------------
     0 | D:1      | CanOfBees the Ghoul Monk began the quest for the Orb.
     0 | D:1      | Reached XP level 1. HP: 19/19 MP: 0/0
    91 | D:1      | Reached XP level 2. HP: 26/26 MP: 1/1
   704 | D:2      | Reached XP level 3. HP: 26/33 MP: 2/2
   983 | D:2      | Noticed Sigmund
  1028 | D:1      | Reached XP level 4. HP: 28/40 MP: 3/3
  1046 | D:2      | Slain by Sigmund

Vault maps used:
D:1:      zelgadis_glass_arrival_small, fountainhead
D:2:      minmay_box_of_dots, uniq_sigmund, uniq_crazy_yiuf_cottage

Skill      XL: |  1  2  3 |
---------------+----------+-----
Dodging        | 3 |  3.3
Fighting       | 4 |  4.0
Unarmed Combat | 4 |  4.0
Armour         | |  0.4
Stealth        | |  2.1

Action                   |  1- 3 |  4- 6 || total
-------------------------+-------+-------++-------
Melee: Unarmed           |    94 |     5 ||    99
       Punch             |     1 |       ||     1
  Use: Potion            |       |     3 ||     3
 Stab: Sleeping          |     5 |       ||     5
  Eat: Chunk             |    14 |     3 ||    17
Armor: Robe              |     9 |       ||     9
       Leather armour    |     9 |       ||     9
Dodge: Dodged            |    59 |       ||    59

Table legend:
 A = Spawn XP
 B = Non-spawn XP
 C = Spawn XP percentage of total XP
 D = Spawn monster count
 E = Non-spawn monster count
 F = Spawn count percentage of total count
 G = Total turns spent on level
                    A         B        C        D         E        F      G
               +---------+---------+-------+---------+---------+-------+---------
         Total |       0 |      93 |   0.0 |       0 |      35 |   0.0 |  1046
               +---------+---------+-------+---------+---------+-------+---------
           D:1 |       0 |      57 |   0.0 |       0 |      18 |   0.0 |   603
           D:2 |       0 |      36 |   0.0 |       0 |      17 |   0.0 |   443
               +---------+---------+-------+---------+---------+-------+---------
